 Dungeon Crawl Stone Soup version 0.28-a0-464-g0687ed57fd (webtiles) character file.

Game seed: 6692147852277301071

45 Aggronaut the Chopper (level 3, -2/31 HPs)
             Began as a Minotaur Berserker on Sept 14, 2021.
             Was a Believer of Trog.
             Killed by nerve-wracking pain
             ... invoked by an orc priest
              (6 damage)
             ... on level 2 of the Dungeon.
             The game lasted 00:02:21 (1609 turns).

Aggronaut the Chopper (Minotaur Berserker)          Turns: 1609, Time: 00:02:21

Health: -2/31      AC: 10    Str: 21    XL:     3   Next: 42%
Magic:  2/2        EV: 10    Int:  4    God:    Trog [**....]
Gold:   93         SH:  0    Dex: 10    Spells: 2/2 levels left

rFire   . . .      SeeInvis .   a - +0 hand axe
rCold   . . .      Faith    .   (no shield)
rNeg    . . .      Spirit   .   h - +3 scale mail
rPois   .          Reflect  .   (helmet restricted)
rElec   .          Harm     .   (no cloak)
rCorr   .          Rampage  .   (no gloves)
Will    .....                   c - +0 pair of boots
Stlth   ..........              f - amulet of the acrobat
HPRegen 0.10/turn               (no ring)
MPRegen 0.08/turn               (no ring)

@: no status effects
A: horns 2, retaliatory headbutt
a: Renounce Religion, Berserk, Trog's Hand


You were on level 2 of the Dungeon.
You worshipped Trog.
Trog was pleased with you.
You visited 1 branch of the dungeon, and saw 2 of its levels.

You collected 93 gold pieces.

Inventory:

Hand Weapons
 a - a +0 hand axe (weapon)
Armour
 c - a +0 pair of boots (worn)
 h - a +3 scale mail (worn)
Jewellery
 f - an amulet of the acrobat (around neck)
Scrolls
 b - a scroll of enchant armour {unknown}
Potions
 d - a potion of flight {unknown}
 e - 2 potions of resistance {unknown}
 g - a potion of attraction {unknown}


   Skills:
 - Level 3.6 Fighting
 + Level 5.5 Axes
 - Level 2.4 Armour
 - Level 2.1 Dodging


You had 2 spell levels left.
You didn't know any spells.
Your spell library was empty.

Dungeon Overview and Level Annotations

Branches:
Dungeon (2/15)

Altars:


Innate Abilities, Weirdness & Mutations

You have a pair of horns on your head.
You reflexively headbutt those who attack you in melee.


Message History

An orc priest comes into view. It is wielding a +0 hand axe.
Found a scroll labelled OTUHYI SODAR.
The orc priest shouts!
You hear a shout!
An orc comes into view. It is wielding a +0 hand axe.
A frilled lizard comes into view.
The orc shouts!
The frilled lizard hisses angrily.
An orc wizard comes into view. It is wielding a +2 vampiric dagger.
The orc priest calls down the wrath of Beogh upon you.
You barely resist.
The orc wizard mumbles some strange words.
The orc wizard flickers and vanishes!
Deactivating autopickup; reactivate with Ctrl-A.
The orc priest calls down the wrath of Beogh upon you.
Beogh smites you!
You barely miss the orc. The orc hits you but does no damage.
You closely miss the orc. The orc hits you with a +0 hand axe.
You closely miss the orc. You headbutt the orc.
The orc is heavily wounded.
The orc hits you with a +0 hand axe.
You closely miss the orc. You headbutt the orc.
You kill the orc!
Trog accepts your kill.
You closely miss the frilled lizard.
Your headbutt misses the frilled lizard.
The frilled lizard closely misses you.
You slash the frilled lizard!
You kill the frilled lizard!
Trog accepts your kill.
You miss something.
The orc priest calls down the wrath of Beogh upon you.
Beogh smites you!
* * * LOW HITPOINT WARNING * * *
Something hits you but does no damage.
You closely miss something. You hit the orc priest.
Your headbutt misses the orc priest.
The orc priest is lightly wounded.
You closely miss something. Something hits you but does no damage.
The orc priest mumbles some strange prayers to Beogh against you.
Pain shoots through your body!
You die...

#...# #...# #...#
#o..# ### #l###
#.# #.# #.#
#.#### #.# #..o.#
#.##### ####@#
#.....# #.#
#####.#
##############
#.# #.#
.............#
#.# #.#
############.#
#.# #.# # #.# #.#
#.# #
###.###.#######.#
#
#...(........##.#
#
#.#.............#


You could see an orc priest.

Vanquished Creatures
  A worm (D:2)
  A dart slug (D:1)
  An orc (D:2)
  6 endoplasms
  3 giant cockroaches
  5 goblins (D:1)
  A hobgoblin (D:1)
  4 jackals (D:1)
  A quokka (D:1)
  A bat (D:1)
  6 frilled lizards
  5 kobolds
  2 rats
37 creatures vanquished.

Notes
Turn   | Place    | Note
-------+----------+-------------------------------------------
     0 | D:1      | Aggronaut the Minotaur Berserker began the quest for the
                  | Orb.
     0 | D:1      | Reached XP level 1. HP: 19/19 MP: 0/0
   160 | D:1      | Reached skill level 4 in Axes
   177 | D:1      | Reached XP level 2. HP: 10/26 MP: 1/1
  1128 | D:1      | Reached skill level 5 in Axes
  1273 | D:1      | Reached XP level 3. HP: 31/31 MP: 2/2
  1340 | D:2      | Reached ** piety under Trog
  1609 | D:2      | Killed from afar by an orc priest

Illustrated notes

Levels and vault maps discovered:
D:1:      wander_arrival_abandoned_jail, layout_loops_corners
D:2:      layout_loops_ring, grunt_ministairs_6

Skill      XL: |  1  2 |
---------------+-------+-----
Axes           | 4 5 |  5.5
Fighting       | |  3.6
Armour         | |  2.4
Dodging        | |  2.1

Action                   || total
-------------------------++-------
Melee: Hand axe          ||    77
       Headbutt          ||    17
  Use: Scroll            ||     1
 Stab: Sleeping          ||     1
Armor: Animal skin       ||    15
       Scale mail        ||     6
Dodge: Dodged            ||    34

Table legend: (Time is in decaauts)
 A = Elapsed time spent in this place.
 B = Non-inter-level travel time spent in this place.
 C = Inter-level travel time spent in this place.
 D = Time resting spent in this place.
 E = Time spent auto-exploring this place.
 F = Levels seen in this place.
 G = Mean time per level.
                   A        B        C        D        E       F      G
               +--------+--------+--------+--------+--------+-----+--------+
         Total |   1614 |   1591 |     23 |    284 |   1044 |   2 |  807.0 |
       Dungeon |   1614 |   1591 |     23 |    284 |   1044 |   2 |  807.0 |
               +--------+--------+--------+--------+--------+-----+--------+

Top non-repeatable levels by time:
     D:1: 1333 daAuts
     D:2: 280 daAuts
